 Dungeon Crawl Stone Soup version 0.28.0-53-g5a82cb258f (webtiles) character file.

Game seed: 581947322358928020

1043 Ashen the Chiller (level 8, -1/79 HPs)
             Began as an Ogre Ice Elementalist on June 20, 2022.
             Slain by a hornet zombie (9 damage)
             ... on level 5 of the Dungeon.
             The game lasted 00:11:05 (6929 turns).

Ashen the Chiller (Ogre Ice Elementalist)           Turns: 6929, Time: 00:11:05

Health: -1/79      AC:  3    Str: 13    XL:     8   Next: 25%
Magic:  15/15      EV: 10    Int: 18    God:
Gold:   129        SH:  0    Dex:  9    Spells: 7/17 levels left

rFire   . . .      SeeInvis .   f - +1 mace
rCold   . . .      Faith    .   (no shield)
rNeg    . . .      Spirit   .   a - +0 robe
rPois   .          Reflect  .   (helmet restricted)
rElec   .          Harm     .   (no cloak)
rCorr   .          Rampage  .   (gloves unavailable)
Will    .....                   (boots unavailable)
Stlth   ++........              (no amulet)
HPRegen 0.23/turn               (no ring)
MPRegen 0.14/turn               (no ring)

@: no status effects
A: large, unfitting armour, tough skin 1
a: no special abilities


You were on level 5 of the Dungeon.
You visited 1 branch of the dungeon, and saw 5 of its levels.

You collected 231 gold pieces.
You spent 102 gold pieces at shops.

Inventory:

Hand Weapons
 f - a +1 mace (weapon)
 m - a +0 morningstar
Missiles
 t - a throwing net
Armour
 a - a +0 robe (worn)
 x - a +2 robe of cold resistance
Wands
 u - a wand of mindburst (23)
Scrolls
 b - a scroll of identify {unknown}
 g - 2 scrolls of noise
 h - a scroll of silence
 i - 3 scrolls of teleportation {unknown}
 n - 3 scrolls of brand weapon {unknown}
 p - a scroll of enchant weapon
 v - a scroll of magic mapping {unknown}
Potions
 c - 3 potions of curing {unknown}
 d - a potion of berserk rage {unknown}
 e - a potion of attraction {unknown}
 j - a potion of mutation {unknown}
 k - a potion of degeneration {unknown}
 l - 2 potions of magic {unknown}
 o - 2 potions of brilliance {unknown}
 q - a potion of cancellation {unknown}
 r - a potion of haste
 s - a potion of might {unknown}
 w - 2 potions of flight {unknown}


   Skills:
 + Level 4.3 Fighting
 + Level 3.0 Maces & Flails
 + Level 3.9 Dodging
 + Level 3.5 Stealth
 + Level 5.0 Spellcasting
 - Level 5.0 Ice Magic


You had 7 spell levels left.
You knew the following spells:

 Your Spells              Type           Power      Damage    Failure   Level
a - Freeze                Ice            88%        1d10      1%          1
b - Frozen Ramparts       Ice            44%        1d6       4%          3
c - Ozocubu's Armour      Ice            22%        N/A       4%          3
d - Mephitic Cloud        Conj/Pois/Air  4%         N/A       36%         3

Your spell library contained the following spells:

 Spells                   Type           Power      Damage    Failure   Level
 Ignite Poison            Fire/Tmut/Pois 4%         N/A       36%         3
 Hailstorm                Conj/Ice       13%        3d5       43%         4
 Freezing Cloud           Conj/Ice/Air   5%         6-21      88%         5


Dungeon Overview and Level Annotations

Branches:
Dungeon (5/15)
 Temple: D:4-7

Altars:

Shops:
D:2 =(*[


Innate Abilities, Weirdness & Mutations

You are too large for most types of armour.
You have tough skin. (AC +1)


Message History

Casting: Freeze (safe; 1% risk of failure)
Confirm with . or Enter, or press ? or * to list all spells.
Aiming: Freeze (safe; 1% risk of failure)
Press: ? - help, Shift-Dir - straight line, f - hornet zombie
Aim: a hornet zombie (lightly damaged)
You freeze the hornet zombie but do no damage.
The hornet zombie completely resists.
The hornet zombie hits you!
You hit the hornet zombie.
The hornet zombie is moderately damaged.
The hornet zombie hits you! The hornet zombie closely misses you.
You closely miss the hornet zombie.
The hornet zombie is moderately damaged.
The hornet zombie misses you.
You thump the hornet zombie!
The hornet zombie is moderately damaged.
The hornet zombie hits you. The hornet zombie barely misses you.
You closely miss the hornet zombie.
The hornet zombie is moderately damaged.
The hornet zombie hits you.
The hornet zombie hits you but does no damage.
You closely miss the hornet zombie.
The hornet zombie is moderately damaged.
The hornet zombie hits you.
You barely miss the hornet zombie.
The hornet zombie is moderately damaged.
The hornet zombie hits you! The hornet zombie closely misses you.
You hit the hornet zombie.
The hornet zombie is heavily damaged.
The hornet zombie hits you.
* * * LOW HITPOINT WARNING * * *
The hornet zombie barely misses you.
You sock the hornet zombie!
The hornet zombie is severely damaged.
The hornet zombie hits you!
* * * LOW HITPOINT WARNING * * *
Okay, then.
You completely miss the hornet zombie.
The hornet zombie is severely damaged.
The hornet zombie closely misses you. The hornet zombie hits you!
You die...

#.# #.#
#.#
######
#.#
#.[..# #
#.#
#....# #
#######.#
#....# #
#.....#.#
#....# #
#.##.##.#
#....# #
#@##....#
#....###
#Z#######
#.<.....
#.#
#....###
#.#
######
#.# #.#
#.# #..


You could see a hornet zombie.

Vanquished Creatures
  Prince Ribbit (D:5)
  Duvessa (D:4)
  2 ogres
  Dowan (D:4)
  A water moccasin skeleton (D:5)
  An orc priest (D:5)
  A hound (D:5)
  A jelly (D:4)
  A bullfrog skeleton (D:5)
  A centaur skeleton (D:5)
  An iguana (D:5)
  A scorpion zombie (D:5)
  Natasha (twice) (D:2)
  Robin (D:1)
  4 gnolls
  7 adders
  2 white imps
  An adder skeleton (D:4)
  2 worms (D:3)
  5 dart slugs
  9 orcs
  6 endoplasms
  3 giant cockroaches
  10 goblins
  13 hobgoblins
  2 jackals (D:4)
  A quokka (D:1)
  4 ball pythons
  2 bats
  3 frilled lizards
  8 kobolds
  6 rats
104 creatures vanquished.

Notes
Turn   | Place    | Note
-------+----------+-------------------------------------------
     0 | D:1      | Ashen the Ogre Ice Elementalist began the quest for the
                  | Orb.
     0 | D:1      | Reached XP level 1. HP: 16/16 MP: 3/3
   380 | D:1      | Reached XP level 2. HP: 24/24 MP: 2/5
   484 | D:1      | Found a faded altar of an unknown god.
  1189 | D:2      | Noticed Robin
  1189 | D:2      | Found Geomalohaa's Weapon Shoppe.
  1189 | D:2      | Found Tojix's General Store.
  1233 | D:1      | Reached XP level 3. HP: 17/31 MP: 4/7
  1518 | D:2      | Found Aguy's Antique Armour Shop.
  1631 | D:1      | Killed Robin
  1807 | D:2      | Bought a scroll of noise for 12 gold pieces
  1807 | D:2      | Bought a scroll of blinking for 90 gold pieces
  1894 | D:2      | Noticed Natasha
  2015 | D:2      | Found Kemnesh's Jewellery Shop.
  2087 | D:2      | Reached XP level 4. HP: 39/39 MP: 6/8
  2219 | D:2      | Killed Natasha
  2389 | D:2      | Noticed Natasha
  2399 | D:2      | Killed Natasha
  2400 | D:2      | Reached skill level 1 in Fighting
  2400 | D:2      | Reached XP level 5. HP: 12/48 MP: 2/9
  3063 | D:2      | Reached skill level 1 in Maces & Flails
  3067 | D:2      | Learned a level 3 spell: Frozen Ramparts
  3071 | D:2      | Learned a level 3 spell: Ozocubu's Armour
  3075 | D:2      | Learned a level 3 spell: Mephitic Cloud
  4048 | D:4      | Reached XP level 6. HP: 57/57 MP: 7/11
  5071 | D:5      | Entered Level 5 of the Dungeon
  5071 | D:5      | Noticed Duvessa
  5071 | D:5      | Noticed Dowan
  5093 | D:4      | Killed Dowan
  5196 | D:4      | Killed Duvessa
  5197 | D:4      | Reached XP level 7. HP: 16/67 MP: 2/13
  6182 | D:5      | Noticed Prince Ribbit
  6193 | D:5      | Killed Prince Ribbit
  6194 | D:5      | Reached XP level 8. HP: 27/78 MP: 11/15
  6553 | D:5      | Reached skill level 5 in Ice Magic
  6819 | D:5      | Reached skill level 5 in Spellcasting
  6929 | D:5      | Slain by a hornet zombie

Illustrated notes

Levels and vault maps discovered:
D:1:      lemuel_arrival_room, layout_basic, ebering_ecumenical_altar_abandoned
D:2:      layout_rooms, serial_aquarium, aquarium_bridge_square
          [aquarium_subvault_wall, aquarium_subvault_window,
          aquarium_subvault_bridge, aquarium_subvault_window],
          aquarium_bridge_island_small [aquarium_subvault_small_open,
          aquarium_subvault_balcony, aquarium_subvault_balcony,
          aquarium_subvault_bridge, aquarium_subvault_wall], aquarium_window_2,
          aquarium_window_1, aquarium_window_double, aquarium_window_corner,
          aquarium_view_2e, aquarium_view_2e, aquarium_balcony_5b, serial_shops,
          shop, shop, nicolae_shop_temple_entry_statues_fountains, shop,
          uniq_natasha, uniq_robin
D:3:      layout_basic
D:4:      layout_loops_ring, kennysheep_boxes
D:5:      layout_basic, uniq_prince_ribbit1, uniq_duvessa

Skill      XL: |  1  2  3  4  5  6  7  8 |
---------------+-------------------------+-----
Dodging        | 2 3 |  3.9
Stealth        | 2 3 |  3.5
Spellcasting   | 3 4 5 |  5.0
Ice Magic      | 4 5 |  5.0
Fighting       | 1 2 3 4 |  4.3
Maces & Flails | 1 2 3 |  3.0

Action                   |  1- 3 |  4- 6 |  7- 9 || total
-------------------------+-------+-------+-------++-------
Melee: Unarmed           |    20 |       |       ||    20
       Mace              |     2 |    31 |    64 ||    97
 Cast: Freeze            |    52 |    93 |    16 ||   161
       Frozen Ramparts   |       |     4 |     3 ||     7
       Mephitic Cloud    |       |     2 |       ||     2
       Ozocubu's Armour  |       |       |     2 ||     2
  Use: Scroll            |       |     2 |     4 ||     6
       Potion            |       |     1 |       ||     1
 Stab: Sleeping          |     2 |       |     2 ||     4
Armor: Robe              |    15 |    21 |    19 ||    55
Dodge: Dodged            |    38 |    65 |    35 ||   138
